 Dungeon Crawl Stone Soup version 0.29.0-13-gc9e81de378 (webtiles) character file.

Game seed: 13049015892649019689

2896 Ofeo the Protected (level 9, -1/82 HPs)
             Began as a Minotaur Fighter on Sept 8, 2022.
             Slain by Maggie
             ... wielding a +1 vorpal morningstar
              (12 damage)
             ... on level 7 of the Dungeon.
             The game lasted 00:06:04 (7695 turns).

Ofeo the Protected (Minotaur Fighter)               Turns: 7695, Time: 00:06:05

Health: -1/82      AC: 11    Str: 23    XL:     9   Next: 49%
Magic:  8/8        EV:  8    Int:  7    God:
Gold:   74         SH:  0    Dex: 10    Spells: 8/8 levels left

rFire   . . .      SeeInvis .   a - +0 war axe
rCold   . . .      Faith    .   c - +0 buckler
rNeg    . . .      Spirit   .   d - +0 chain mail
rPois   .          Reflect  .   (helmet restricted)
rElec   .          Harm     .   (no cloak)
rCorr   .          Rampage  .   (no gloves)
Will    .....                   (no boots)
Stlth   ..........              (no amulet)
HPRegen 0.23/turn               (no ring)
MPRegen 0.11/turn               (no ring)

@: confused, ambrosia-drunk, mesmerised
A: horns 2, retaliatory headbutt
a: no special abilities


You were on level 7 of the Dungeon.
You visited 2 branches of the dungeon, and saw 8 of its levels.

You collected 74 gold pieces.

Inventory:

Hand Weapons
 a - a +0 war axe (weapon)
Missiles
 k - a curare-tipped dart (quivered)
Armour
 b - a +0 scale mail
 c - a +0 buckler (worn)
 d - a +0 chain mail (worn)
Wands
 m - a wand of flame (22)
Scrolls
 e - a scroll of fear
 f - a scroll of blinking {@r4}
 g - 2 scrolls of vulnerability
 h - 2 scrolls of teleportation {@r3}
 i - a scroll of identify {@r1}
 o - a scroll of poison
Potions
 j - a potion of lignification
 l - a potion of ambrosia
 n - a potion of attraction {unknown}


   Skills:
 + Level 8.7 Fighting
 + Level 8.2 Axes
 + Level 8.8 Armour
 + Level 8.7 Shields


You had 8 spell levels left.
You didn't know any spells.
Your spell library contained the following spells:

 Spells                   Type           Power      Damage    Failure   Level
 Magic Dart               Conj           0%         1d3       98%         1
 Call Imp                 Summ           0%         N/A       99%         2
 Ensorcelled Hibernation  Hex/Ice        0%         N/A       99%         2
 Passwall                 Tmut/Erth      0%         N/A       99%         2
 Gell's Gravitas          Tloc           0%         N/A       100%        3
 Mephitic Cloud           Conj/Pois/Air  0%         N/A       100%        3
 Swiftness                Air            0%         N/A       100%        3
 Teleport Other           Tloc           0%         N/A       100%        3
 Summon Lightning Spire   Summ/Air       0%         N/A       100%        4
 Freezing Cloud           Conj/Ice/Air   0%         6-21      100%        5
 Dispersal                Tloc           0%         N/A       100%        6
 Simulacrum               Ice/Necr       0%         N/A       100%        6
 Storm Form               Tmut/Air       0%         N/A       100%        7
 Maxwell's Capacitive Co  Air            0%         ∞         100%        8
 Polar Vortex             Ice            0%         N/A       100%        9


Dungeon Overview and Level Annotations

Branches:
Dungeon (7/15)             Temple (1/1) D:4

Altars:
Ashenzari
Cheibriados
Dithmenos
Elyvilon
Fedhas
Gozag
Kikubaaqudgha
Nemelex Xobeh
Qazlal
Ru
Uskayaw
Vehumet
Xom
Yredelemnul
Zin
The Shining One

Annotations:
D:5 3 runed translucent doors, Voxie's ghost, weakling DgDe; Woods's ghost, novice DECj; xian's ghost, novice DECj
D:7 Maggie


Innate Abilities, Weirdness & Mutations

You have a pair of horns on your head.
You reflexively headbutt those who attack you in melee.


Message History

You take 15 damage, and have 40/82 hp.
You barely miss Maggie. You headbutt Maggie.
Maggie is heavily wounded.
Maggie gestures wildly while chanting.
Maggie draws you further into her thrall.
Maggie mutters to herself, "Master Lance won't take me back.
This is the way forward."
Maggie gestures at you while chanting. The bolt of fire hits you!
You take 14 damage, and have 26/82 hp.
You closely miss Maggie. You headbutt Maggie.
Maggie is heavily wounded.
Maggie gestures wildly while chanting.
Maggie draws you further into her thrall.
Maggie points at you and mumbles some strange words.
The bolt of fire hits you!!
* * * LOW HITPOINT WARNING * * *
You take 19 damage, and have 7/82 hp.
MASSIVE DAMAGE!!
It was a potion of ambrosia.
You are confused.
You feel invigorated. Maggie gestures at you while chanting.
The bolt of fire misses you.
You regained 3 hp, and now have 10/82 hp.
You closely miss Maggie.
Maggie is heavily wounded.
Maggie closely misses you.
Maggie smiles, but it's obviously fake.
Maggie closely misses you.
You regained 5 hp, and now have 15/82 hp.
You closely miss Maggie.
Maggie is heavily wounded.
Maggie hits you with a +1 vorpal morningstar.
* * * LOW HITPOINT WARNING * * *
x2 Maggie hits you with a +1 vorpal morningstar!
* * * LOW HITPOINT WARNING * * *
x2 You take 9 damage, and have 6/82 hp.
You bump into the rock wall.
Maggie hits you with a +1 vorpal morningstar!
You die...

## .. .. #. #.
#. #.#########
#..@@.....#
#########.#
#.#
########.###
#.#
###..........#
#.#
...........#.#
#.#
........#..#.#
#>#
.##.###.#..#.#
#.#
.##.##.....#.#
#.#


You could see Maggie (mesmerising, fast).

Vanquished Creatures
  Pikel (D:6)
  Grinder (D:6)
  A wraith (D:6)
  Menkaure (D:6)
  A water moccasin (D:5)
  An orc warrior (D:6)
  3 ice beasts
  A sky beast (D:4)
  An ogre (D:5)
  A lemure (D:6)
  4 phantoms
  A kobold brigand (D:6)
  A bullfrog (D:6)
  A necrophage (D:6)
  2 gnoll sergeants (D:5)
  A scorpion (D:6)
  4 orc priests
  A gnoll bouda (D:5)
  2 hounds (D:6)
  4 jellies
  An iguana (D:4)
  4 orc wizards
  6 gnolls (D:5)
  3 adders
  A shadow imp (D:6)
  An ufetubus (D:4)
  2 worms
  A dart slug (D:5)
  28 orcs
  2 endoplasms (D:4)
  A giant cockroach (D:4)
  2 goblins
  5 hobgoblins
  3 jackals (D:4)
  3 quokkas
  3 ball pythons (D:4)
  A bat (D:2)
  A frilled lizard (D:1)
  6 kobolds
  A rat (D:3)
108 creatures vanquished.

Vanquished Creatures (others)
  18 plants
18 creatures vanquished.

Grand Total: 126 creatures vanquished

Notes
Turn   | Place    | Note
-------+----------+-------------------------------------------
     0 | D:1      | Ofeo the Minotaur Fighter began the quest for the Orb.
     0 | D:1      | Reached XP level 1. HP: 19/19 MP: 0/0
   394 | D:3      | Reached XP level 2. HP: 27/27 MP: 1/1
   616 | D:4      | Reached XP level 3. HP: 22/33 MP: 2/2
   826 | D:4      | Found a glowing drain.
   886 | D:4      | Reached XP level 4. HP: 24/41 MP: 3/3
   974 | D:4      | Found a staircase to the Ecumenical Temple.
   986 | D:4      | Reached XP level 5. HP: 27/47 MP: 4/4
   993 | Temple   | Entered the Ecumenical Temple
  1547 | D:4      | Noticed a sky beast
  1558 | D:4      | Killed a sky beast
  1559 | D:4      | Reached skill level 5 in Fighting
  1559 | D:4      | Reached skill level 5 in Armour
  1559 | D:4      | Reached skill level 5 in Shields
  1848 | D:4      | Reached XP level 6. HP: 56/56 MP: 5/5
  1955 | D:5      | Entered Level 5 of the Dungeon
  1999 | D:5      | Found a runed translucent gate.
  1999 | D:5      | Found a runed translucent gate.
  2000 | D:5      | Found a runed translucent gate.
  2036 | D:5      | Noticed xian's ghost (novice DECj)
  2036 | D:5      | Noticed Voxie's ghost (weakling DgDe)
  2036 | D:5      | Noticed Woods's ghost (novice DECj)
  2424 | D:5      | Noticed an ice beast
  2431 | D:5      | Killed an ice beast
  2530 | D:5      | Reached skill level 5 in Axes
  2530 | D:5      | Reached XP level 7. HP: 55/62 MP: 6/6
  4210 | D:5      | Reached XP level 8. HP: 27/71 MP: 7/7
  6197 | D:6      | Noticed Menkaure
  6208 | D:6      | Killed Menkaure
  6560 | D:6      | Reached XP level 9. HP: 81/81 MP: 8/8
  6707 | D:6      | Noticed Grinder
  6721 | D:6      | Paralysed by Grinder for 3 turns
  6733 | D:6      | Killed Grinder
  6985 | D:6      | Noticed Pikel
  7001 | D:6      | Killed Pikel
  7679 | D:7      | Noticed Maggie
  7695 | D:7      | Slain by Maggie

Illustrated notes

Levels and vault maps discovered:
D:1:      erik_arrival_orb_chamber, layout_loops_ring,
          hellmonk_ecumenical_altar_zigzags
D:2:      minmay_wonky_spiral, layout_loops_ring, serial_shops,
          nicolae_shop_competitors_out_of_business, minmay_unequal
D:3:      layout_basic
D:4:      layout_rooms, minmay_temple_entry_proselytizer, gup_sewer_entry_glass,
          nicolae_ossuary_entry_false_entrances
D:5:      layout_basic, gammafunk_ghost_cemetery, nicolae_grassy_gnolls
D:6:      layout_basic, serial_rivers, chequers_serial_rivers_micro_d,
          chequers_serial_rivers_large_a, chequers_serial_rivers_small_3,
          chequers_serial_rivers_micro_d, uniq_grinder, uniq_menkaure,
          uniq_pikel
D:7:      layout_loops_ring, nicolae_hepliaklqana_ecumenical_no_more,
          uniq_prince_ribbit1, uniq_maggie
Temple:   eino_temple_rhombus

Skill      XL: |  1  2  3  4  5  6  7  8  9 |
---------------+----------------------------+-----
Fighting       | 4 5 6 7 8 |  8.7
Axes           | 3 4 5 7 8 |  8.2
Armour         | 4 5 6 8 |  8.8
Shields        | 4 5 6 7 8 |  8.7

Action                   |  1- 3 |  4- 6 |  7- 9 || total
-------------------------+-------+-------+-------++-------
Melee: War axe           |    32 |    67 |   219 ||   318
       Headbutt          |     6 |    10 |    35 ||    51
Evoke: Wand              |       |       |     9 ||     9
  Use: Potion            |     1 |       |     9 ||    10
       Scroll            |       |       |     6 ||     6
Armor: Scale mail        |    13 |    22 |    63 ||    98
       Skin              |       |       |    42 ||    42
       Chain mail        |       |       |    37 ||    37
Dodge: Dodged            |    16 |    26 |    94 ||   136
Block: Buckler           |     8 |    20 |    79 ||   107
